 Dungeon Crawl Stone Soup version 0.29.1-2-gbd0b4ee654 (webtiles) character file.

Game seed: 1315362245028366152

147 CBASSkasper the Martial Artist (level 5, -1/41 HPs)
             Began as a Gnoll Wanderer on Oct 29, 2022.
             Slain by an iguana (11 damage)
             ... on level 4 of the Dungeon.
             The game lasted 00:10:18 (4184 turns).

CBASSkasper the Martial Artist (Gnoll Wanderer)     Turns: 4184, Time: 00:10:19

Health: -1/41      AC: 10    Str: 10    XL:     5   Next: 29%
Magic:  12/12      EV: 11    Int: 11    God:
Gold:   57         SH:  5    Dex: 15    Spells: 13/14 levels left

rFire   . . .      SeeInvis .   E - +0 dagger (protect)
rCold   . . .      Faith    .   c - +0 buckler
rNeg    . . .      Spirit   .   e - +0 robe
rPois   .          Reflect  .   (no helmet)
rElec   .          Harm     .   G - +0 cloak
rCorr   .          Rampage  .   (no gloves)
Will    .....                   (no boots)
Stlth   ++........              (no amulet)
HPRegen 0.13/turn               (no ring)
MPRegen 0.13/turn               (no ring)

@: under a protective aura
A: fangs 1, strong nose, distributed training
a: no special abilities


You were on level 4 of the Dungeon.
You visited 1 branch of the dungeon, and saw 4 of its levels.

You collected 178 gold pieces.
You spent 121 gold pieces at shops.

Inventory:

Hand Weapons
 a - a +0 dagger
 g - a +3 short sword
 m - a +4 dagger
 C - a +0 short sword
 E - a +0 dagger of protection (weapon)
 H - a +1 antimagic hand axe
Missiles
 h - 47 stones
 B - 20 poisoned darts
 D - 4 curare-tipped darts
Armour
 c - a +0 buckler (worn)
 e - a +0 robe (worn)
 G - a +0 cloak (worn)
Jewellery
 r - an amulet of guardian spirit
 w - a ring of protection from fire
Scrolls
 b - a scroll of vulnerability {unknown}
 d - a scroll of butterflies
 i - 5 scrolls of identify {unknown}
 k - 2 scrolls of brand weapon {unknown}
 n - a scroll of magic mapping {unknown}
 p - 2 scrolls of blinking {unknown}
 t - 3 scrolls of teleportation {unknown}
 y - a scroll of torment {unknown}
Potions
 f - 2 potions of haste
 j - 2 potions of invisibility {unknown}
 l - 2 potions of magic {unknown}
 o - a potion of ambrosia {unknown}
 q - a potion of cancellation {unknown}
 s - a potion of degeneration {unknown}
 u - a potion of flight
 v - a potion of lignification {unknown}
 x - a potion of berserk rage {unknown}
 z - a potion of attraction {unknown}
 A - 2 potions of curing
 F - a potion of heal wounds


   Skills:
 + Level 3.0 Fighting
 + Level 1.5 Short Blades
 + Level 1.5 Long Blades
 + Level 1.5 Axes
 + Level 1.5 Maces & Flails
 + Level 1.5 Polearms
 + Level 1.5 Staves
 + Level 1.5 Ranged Weapons
 + Level 1.5 Throwing
 + Level 3.0 Armour
 + Level 1.5 Dodging
 + Level 1.5 Stealth
 + Level 4.8 Shields
 + Level 8.6 Unarmed Combat
 + Level 5.2 Spellcasting
 + Level 1.2 Conjurations
 + Level 1.2 Hexes
 + Level 1.2 Summonings
 + Level 1.2 Necromancy
 + Level 1.2 Translocations
 + Level 1.2 Transmutations
 + Level 1.2 Fire Magic
 + Level 1.2 Ice Magic
 + Level 1.2 Air Magic
 + Level 1.2 Earth Magic
 + Level 1.2 Poison Magic
 + Level 1.7 Invocations
 + Level 1.5 Evocations


You had 13 spell levels left.
You knew the following spells:

 Your Spells              Type           Power      Damage    Failure   Level
a - Foxfire               Conj/Fire      20%        2x1d5     16%         1

Your spell library contained the following spells:

 Spells                   Type           Power      Damage    Failure   Level
 Conjure Flame            Conj/Fire      5%         6-21      43%         3


Dungeon Overview and Level Annotations

Branches:
Dungeon (4/15)
 Temple: D:4-7

Altars:

Shops:
D:1 :   D:4 !


Innate Abilities, Weirdness & Mutations

You have very sharp teeth.
Your uncanny sense of smell can sniff out nearby items.
Your experience applies equally to all skills.


Message History

You block the iguana's attack.
You hit the iguana but do no damage.
The iguana is moderately wounded.
The iguana bites you but does no damage.
You hit the iguana. Your bite misses the iguana.
The iguana is heavily wounded.
The iguana bites you.
You hit the iguana. Your bite misses the iguana.
The iguana is heavily wounded.
The iguana misses you.
You hit the iguana.
The iguana is severely wounded.
The iguana bites you!
You closely miss the iguana. You bite the iguana, but do no damage.
The iguana is heavily wounded.
The iguana bites you.
* * * LOW HITPOINT WARNING * * *
You barely miss the iguana. You bite the iguana, but do no damage.
The iguana is heavily wounded.
The iguana bites you.
* * * LOW HITPOINT WARNING * * *
You hit the iguana but do no damage. Your bite misses the iguana.
The iguana is heavily wounded.
The iguana bites you but does no damage.
You hit the iguana but do no damage.
The iguana is heavily wounded.
The iguana closely misses you.
You barely miss the iguana. You bite the iguana.
The iguana is severely wounded.
The iguana barely misses you.
You hit the iguana but do no damage.
The iguana is severely wounded.
You block the iguana's attack.
You closely miss the iguana. You bite the iguana, but do no damage.
The iguana is severely wounded.
The iguana barely misses you.
You hit the iguana but do no damage. Your bite misses the iguana.
The iguana is severely wounded.
The iguana bites you!
You die...

##'#### ####.#
#.########.# #.# #.#
#>.........# #.# #.#
############
######.# #.#
.......# #.#
######## ....... #
##########. ######.#
.#######.#. #...@l.#
.##......#.##.######
.#..#..#.#.##.#
.#..#....#.##.#
......†.....#.#
.#.##.#..#....#
.#.##.#..##.###
.#.##.#.....#
........#####


You could see an iguana.

Vanquished Creatures
  A scorpion (D:4)
  2 adders
  4 dart slugs
  3 orcs
  4 ball pythons
  2 bats
  4 endoplasms
  4 giant cockroaches
  7 goblins
  2 hobgoblins
  9 jackals
  8 kobolds
  A quokka (D:3)
  A frilled lizard (D:3)
  2 rats
54 creatures vanquished.

Vanquished Creatures (others)
  33 foxfires
33 creatures vanquished.

Grand Total: 87 creatures vanquished

Notes
Turn   | Place    | Note
-------+----------+-------------------------------------------
     0 | D:1      | CBASSkasper the Gnoll Wanderer began the quest for the Orb.
     0 | D:1      | CBASSkasper set off with the following items: a +0 dagger,
                  | a potion of heal wounds, a +0 buckler, a scroll of
                  | butterflies, a +0 robe, a potion of haste; and the
                  | following spell memorised: Foxfire; and the following
                  | spells available to memorise: Conjure Flame.
     0 | D:1      | Reached XP level 1. HP: 17/17 MP: 6/6
   293 | D:1      | Found Casuvuowk's Vocational Training.
   382 | D:1      | Reached XP level 2. HP: 19/23 MP: 7/7
  1707 | D:2      | Reached skill level 5 in Spellcasting
  1707 | D:2      | Reached XP level 3. HP: 28/28 MP: 7/9
  1819 | D:2      | Reached skill level 1 in Invocations
  2014 | D:2      | Found a faded altar of an unknown god.
  2570 | D:3      | Reached skill level 1 in Short Blades
  2570 | D:3      | Reached skill level 1 in Long Blades
  2570 | D:3      | Reached skill level 1 in Axes
  2570 | D:3      | Reached skill level 1 in Maces & Flails
  2570 | D:3      | Reached skill level 1 in Polearms
  2570 | D:3      | Reached skill level 1 in Staves
  2570 | D:3      | Reached skill level 1 in Ranged Weapons
  2570 | D:3      | Reached skill level 1 in Throwing
  2570 | D:3      | Reached skill level 1 in Dodging
  2570 | D:3      | Reached skill level 1 in Stealth
  2570 | D:3      | Reached skill level 1 in Evocations
  2866 | D:3      | Reached XP level 4. HP: 34/34 MP: 11/11
  3351 | D:4      | Noticed a scorpion
  3512 | D:4      | Found Heiporgh's Distillery.
  3545 | D:4      | Bought a potion of curing for 33 gold pieces
  3545 | D:4      | Bought a potion of flight for 33 gold pieces
  3545 | D:4      | Bought a potion of heal wounds for 55 gold pieces
  3614 | D:4      | Killed a scorpion
  3615 | D:4      | Reached skill level 1 in Conjurations
  3615 | D:4      | Reached skill level 1 in Hexes
  3615 | D:4      | Reached skill level 1 in Summonings
  3615 | D:4      | Reached skill level 1 in Necromancy
  3615 | D:4      | Reached skill level 1 in Translocations
  3615 | D:4      | Reached skill level 1 in Transmutations
  3615 | D:4      | Reached skill level 1 in Fire Magic
  3615 | D:4      | Reached skill level 1 in Ice Magic
  3615 | D:4      | Reached skill level 1 in Air Magic
  3615 | D:4      | Reached skill level 1 in Earth Magic
  3615 | D:4      | Reached skill level 1 in Poison Magic
  3615 | D:4      | Reached XP level 5. HP: 33/40 MP: 12/12
  4184 | D:4      | Slain by an iguana

Illustrated notes

Levels and vault maps discovered:
D:1:      lemuel_arrival_river_ford, layout_basic, nicolae_shop_vocational
D:2:      layout_basic, shapermc_ecumenical_altar_acropolis
D:3:      layout_basic
D:4:      layout_basic, minmay_temple_entry_statues_fountains, serial_shops,
          shop

Skill      XL: |  1  2  3  4  5 |
---------------+----------------+-----
Spellcasting   | 5 |  5.2
Invocations    | 1 |  1.7
Short Blades   | 1 |  1.5
Long Blades    | 1 |  1.5
Axes           | 1 |  1.5
Maces & Flails | 1 |  1.5
Polearms       | 1 |  1.5
Staves         | 1 |  1.5
Ranged Weapons | 1 |  1.5
Throwing       | 1 |  1.5
Dodging        | 1 |  1.5
Stealth        | 1 |  1.5
Evocations     | 1 |  1.5
Conjurations   | 1 |  1.2
Hexes          | 1 |  1.2
Summonings     | 1 |  1.2
Necromancy     | 1 |  1.2
Translocations | 1 |  1.2
Transmutations | 1 |  1.2
Fire Magic     | 1 |  1.2
Ice Magic      | 1 |  1.2
Air Magic      | 1 |  1.2
Earth Magic    | 1 |  1.2
Poison Magic   | 1 |  1.2
Fighting       | 3 |  3.0
Armour         | 3 |  3.0
Shields        | |  4.8
Unarmed Combat | |  8.6

Action                   |  1- 3 |  4- 6 || total
-------------------------+-------+-------++-------
Melee: Dagger            |    80 |   111 ||   191
       Short sword       |    35 |       ||    35
       Bite              |     9 |    14 ||    23
Throw: Dart              |       |     6 ||     6
 Cast: Foxfire           |     7 |    16 ||    23
  Use: Potion            |     1 |     1 ||     2
 Stab: Sleeping          |       |     1 ||     1
Armor: Robe              |    33 |    25 ||    58
Dodge: Dodged            |    57 |    34 ||    91
Block: Buckler           |    34 |    33 ||    67
